 Dungeon Crawl Stone Soup version 0.31-a0-263-ge8cad7f256 (webtiles) character file.

Game seed: 10785192424936977779

80 qw the Shooter (level 4, -3/36 HPs)
             Began as a Minotaur Hexslinger on July 13, 2023.
             Slain by a black bear (7 damage)
             ... on level 3 of the Dungeon.
             The game lasted 00:00:40 (2025 turns).

qw the Shooter (Minotaur Hexslinger)                Turns: 2025, Time: 00:00:40

Health: -3/36      AC:  5    Str: 12    XL:     4   Next: 18%
Magic:  4/4        EV: 12    Int: 10    God:
Gold:   144        SH:  0    Dex: 15    Spells: 4/5 levels left

rFire   . . .        Y - +1 sling
rCold   . . .        (no shield)
rNeg    . . .        b - +0 leather armour
rPois   .            (helmet restricted)
rElec   .            i - +0 cloak
rCorr   .            (no gloves)
SInv    .            k - +0 pair of boots
Will    .....        (no amulet)
Stlth   +            (no ring)
HPRegen 0.26/turn    (no ring)
MPRegen 0.09/turn

%: no passive effects
@: no status effects
A: horns 2, retaliatory headbutt
a: no special abilities


You were on level 3 of the Dungeon.
You visited 1 branch of the dungeon, and saw 3 of its levels.

You collected 144 gold pieces.


Innate Abilities, Weirdness & Mutations

You have a pair of horns on your head.
You reflexively headbutt those who attack you in melee.


   Skills:
 - Level 2.0 Fighting
 + Level 4.7 Ranged Weapons
 - Level 2.1 Dodging
 - Level 1.0 Spellcasting
 - Level 2.0 Hexes


You had 4 spell levels left.
You knew the following spells:

 Your Spells              Type           Power      Damage    Failure   Level
a - Slow                  Hex            16%        N/A       19%         1

Your spell library contained the following spells:

 Spells                   Type           Power      Damage    Failure   Level
 Inner Flame              Hex/Fire       2%         N/A       65%         3
 Portal Projectile        Hex/Tloc       4%         N/A       65%         3
 Cause Fear               Hex            2%         N/A       88%         4

Inventory:

Hand Weapons
 Y - a +1 sling (weapon)
Armour
 b - a +0 leather armour (worn)
 c - a +0 ring mail
 i - a +0 cloak (worn)
 k - a +0 pair of boots (worn)
Jewellery
 h - a ring of fire
Scrolls
 a - a scroll of identify
 e - a scroll of noise {unknown}
 n - 2 scrolls of teleportation
Potions
 d - a potion of invisibility {unknown}
 f - a potion of enlightenment
 g - a potion of mutation {unknown}
 j - a potion of lignification {unknown}
 m - a potion of curing {unknown}

Dungeon Overview and Level Annotations

Branches:
Dungeon (3/15)

Altars:
Elyvilon


Message History

You kill the goblin!
e - a scroll labelled LUG JIEKISEPS A black bear comes into view.
The black bear growls angrily.
You shoot a sling bullet.
The sling bullet hits the black bear but does no damage.
The black bear bites you.
The black bear claws you but does no damage. x2
You shoot a sling bullet.
The sling bullet hits the black bear but does no damage.
The black bear bites you. The black bear closely misses you.
The black bear claws you.
You shoot a sling bullet.
The sling bullet barely misses the black bear.
A giant cockroach comes into view.
The black bear barely misses you. You furiously retaliate!
You headbutt the black bear! The black bear claws you.
The black bear completely misses you.
You shoot a sling bullet.
The sling bullet closely misses the black bear.
The black bear bites you!
The black bear claws you but does no damage. x2
You shoot a sling bullet. The sling bullet hits the black bear.
The black bear is heavily wounded.
The black bear bites you but does no damage.
The black bear barely misses you. The black bear claws you.
The black bear bites you.
The black bear claws you but does no damage.
The black bear claws you.
The giant cockroach completely misses you.
You shoot a sling bullet. The sling bullet hits the black bear!
The black bear is severely wounded.
The giant cockroach misses you.
The black bear goes berserk!
You shoot a sling bullet.
The sling bullet closely misses the black bear.
The black bear bites you. The black bear barely misses you.
The black bear claws you.
The giant cockroach completely misses you.
The black bear bites you!
You die...

.## ..######## .#
#........# .# ########%#
.# #.# .# #.# ##.###
#.#######.... #........Bh#
#..######@# ## #..# #.# ..
#..######.####### .#
#...............######.#
#.#..####.###.....#....#
#.#..# #.# #.....#.)..#
#.#..# #.###..#.....#####
#.#..# #......#.......#..
#.#..#####..######.....#..


You could see a black bear (berserk) and a giant cockroach.

Vanquished Creatures
  4 adders (D:2)
  2 worms (D:2)
  2 dart slugs
  3 endoplasms
  2 giant cockroaches
  4 goblins
  A hobgoblin (D:3)
  4 jackals (D:1)
  2 kobolds (D:1)
  2 quokkas
  2 ball pythons (D:1)
  2 bats (D:1)
  5 rats
35 creatures vanquished.

Notes
Turn   | Place    | Note
-------+----------+-------------------------------------------
     0 | D:1      | qw the Minotaur Hexslinger began the quest for the Orb.
     0 | D:1      | Reached XP level 1. HP: 16/16 MP: 1/1
     0 | D:1      | 0 ||| qw: Version: 0.3-a-52-g30416fa
     0 | D:1      | 0 ||| qw: Game counter: 7317
     0 | D:1      | 0 ||| qw: Melee chars always use a shield: true
     0 | D:1      | 0 ||| qw: God list: Okawaru
     0 | D:1      | 0 ||| qw: Allow faded altars: false
     0 | D:1      | 0 ||| qw: Do Orc after clearing Dungeon:15 true
     0 | D:1      | 0 ||| qw: Do second Lair branch before Depths: true
     0 | D:1      | 0 ||| qw: Lair rune preference: random
     0 | D:1      | 0 ||| qw: Goals: Normal
     0 | D:1      | 0 ||| PLANNING D:1-11
   218 | D:1      | Reached skill level 3 in Ranged Weapons
   218 | D:1      | Reached XP level 2. HP: 23/23 MP: 2/2
   302 | D:1      | 302 ||| FLEEEEING.
   303 | D:1      | 303 ||| FLEEEEING.
   304 | D:1      | 304 ||| FLEEEEING.
   769 | D:1      | 769 ||| UPGRADING to +0 cloak.
   774 | D:1      | 774 ||| READING 2 scrolls labelled TOREASAYGY.
   775 | D:1      | 775 ||| READING 2 scrolls labelled YQOTWE VACLOSCH.
   776 | D:1      | 776 ||| READING scroll labelled IBEHOI MUKU.
   777 | D:1      | 777 ||| READING scroll labelled BIERPH DESSOCI.
   778 | D:1      | 778 ||| READING scroll labelled SECUAF PYOZOBA.
   779 | D:1      | 779 ||| READING 2 scrolls labelled GUSAICR TOVOX.
   783 | D:1      | 783 ||| DRINKING 2 pink potions.
   784 | D:1      | 784 ||| DROPPING scroll of poison.
   785 | D:1      | 785 ||| DROPPING potion of brilliance.
   786 | D:1      | 786 ||| DROPPING scroll of blinking.
   874 | D:2      | Found a white marble altar of Elyvilon.
   936 | D:2      | Reached XP level 3. HP: 17/29 MP: 3/3
  1033 | D:2      | Reached skill level 4 in Ranged Weapons
  1829 | D:2      | 1829 ||| UPGRADING to +0 leather armour.
  1839 | D:2      | 1839 ||| DROPPING +0 robe.
  1840 | D:2      | 1840 ||| UPGRADING to +0 pair of boots.
  1845 | D:2      | 1845 ||| READING scroll labelled ENEIRCHUFOI.
  1846 | D:2      | 1846 ||| DRINKING 2 lumpy coppery potions.
  1879 | D:2      | Reached XP level 4. HP: 31/36 MP: 4/4
  2018 | D:3      | Noticed a black bear
  2025 | D:3      | HP: 4/36 [black bear (6)]
  2025 | D:3      | Slain by a black bear

Levels and vault maps discovered:
D:1:      lemuel_arrival_cross, layout_basic
D:2:      layout_basic, basic_altar, nicolae_half_adder
D:3:      layout_loops_ring, hangedman_decor_push, uniq_ijyb

Skill      XL: |  1  2  3 |
---------------+----------+-----
Ranged Weapons | 3 4 |  4.7
Fighting       | 2 |  2.0
Dodging        | |  2.1
Spellcasting   | |  1.0
Hexes          | |  2.0

Action                     |  1- 3 |  4- 6 || total
---------------------------+-------+-------++-------
   Fire: Sling             |   123 |    19 ||   142
    Use: Scroll            |     7 |       ||     7
         Potion            |     2 |       ||     2
 Armour: Robe              |    17 |       ||    17
         Leather armour    |     2 |     7 ||     9
  Dodge: Dodged            |    51 |     9 ||    60

Table legend:
 A = Non-vault XP
 B = Vault XP
 C = Vault XP percentage of total XP
 D = Non-vault monster count
 E = Vault monster count
 F = Vault count percentage of total count
                 A         B        C        D         E       F
            +---------+---------+-------+---------+---------+-------
      Total |      89 |      26 |  22.6 |      33 |       2 |   5.7
            +---------+---------+-------+---------+---------+-------
        D:1 |      30 |       0 |   0.0 |      17 |       0 |   0.0
        D:2 |      54 |      26 |  32.5 |      13 |       2 |  13.3
        D:3 |       5 |       0 |   0.0 |       3 |       0 |   0.0
            +---------+---------+-------+---------+---------+-------
